 Dungeon Crawl Stone Soup version 0.29-a0-384-g6960b1960d (webtiles) character file.

Game seed: 14384148005219585014

77 Hubjo the Magician (level 4, -1/26 HPs)
             Began as a Deep Elf Fire Elementalist on May 6, 2022.
             Was an Initiate of Yredelemnul.
             Slain by an orc
             ... wielding a +0 flail
              (8 damage)
             ... on level 3 of the Dungeon.
             The game lasted 00:03:03 (3512 turns).

Hubjo the Magician (Deep Elf Fire Elementalist)     Turns: 3512, Time: 00:03:05

Health: -1/26      AC:  2    Str:  5    XL:     4   Next: 13%
Magic:  10/11      EV: 13    Int: 20    God:    Yredelemnul [......]
Gold:   109        SH:  0    Dex: 17    Spells: 5/10 levels left

rFire   . . .      SeeInvis +   (no weapon)
rCold   . . .      Faith    .   (no shield)
rNeg    . . .      Spirit   .   a - +0 robe
rPois   .          Reflect  .   (no helmet)
rElec   .          Harm     .   (no cloak)
rCorr   .          Rampage  .   (no gloves)
Will    .....                   (no boots)
Stlth   +++.......              (no amulet)
HPRegen 0.08/turn               f - ring of see invisible
MPRegen 0.12/turn               (no ring)

@: no status effects
A: no striking features
a: Renounce Religion, Recall Undead Harvest


You were on level 3 of the Dungeon.
You worshipped Yredelemnul.
Yredelemnul was noncommittal.
You visited 1 branch of the dungeon, and saw 3 of its levels.

You collected 109 gold pieces.

Inventory:

Armour
 a - a +0 robe (worn)
 i - a +0 pair of boots
 l - a +2 scale mail of poison resistance
Jewellery
 f - a ring of see invisible (left hand)
Scrolls
 d - a scroll of enchant armour {unknown}
 e - a scroll of identify {unknown}
 h - a scroll of fog {unknown}
 j - a scroll of enchant weapon {unknown}
 k - a scroll of acquirement {unknown}
Potions
 b - a potion of magic
 c - 5 potions of heal wounds
 g - a potion of curing {unknown}


   Skills:
 * Level 1.8 Fighting
 - Level 2.4 Dodging
 + Level 3.3 Stealth
 + Level 3.8 Spellcasting
 - Level 1.1 Conjurations
 + Level 3.8 Fire Magic


You had 5 spell levels left.
You knew the following spells:

 Your Spells              Type           Power      Damage    Failure   Level
a - Foxfire               Conj/Fire      52%        2x1d6     4%          1
b - Flame Wave            Conj/Fire      13%        2d6       43%         4

Your spell library contained the following spells:

 Spells                   Type           Power      Damage    Failure   Level
 Scorch                   Fire           38%        2d7       4%          2
 Slow                     Hex            12%        N/A       13%         1
 Conjure Flame            Conj/Fire      13%        6-21      14%         3
 Inner Flame              Hex/Fire       11%        N/A       19%         3
 Confusing Touch          Hex            3%         N/A       36%         3
 Vampiric Draining        Necr           3%         2d6       36%         3


Dungeon Overview and Level Annotations

Branches:
Dungeon (3/15)

Altars:
Kikubaaqudgha
Yredelemnul


Message History

There is an open door here.
You swap places.
There is an open door here.
Key pressed, stopping explore. 3 orcs come into view.
There are monsters nearby!
There are monsters nearby!
There are monsters nearby!
You conjure some foxfire!
There is not enough space to conjure foxfire!
The orc shouts! x2; You hear a shout!
The foxfire hits the orc but does no damage.
You hear an angry hiss.
There is not enough space to conjure foxfire!
The foxfire hits the orc.
The orc is moderately wounded.
The orc barely misses you.
An orc comes into view. It is wielding a +0 flail.
You miscast Foxfire.
You are very lightly contaminated with residual magic.
Nothing appears to happen.
The orc barely misses you.
You barely miss the orc.
The orc is moderately wounded.
The orc barely misses you. The orc hits you with a +0 flail!
You hit the orc but do no damage.
The orc is moderately wounded.
You hit the orc but do no damage. The orc barely misses you.
You barely miss the orc. The orc closely misses you.
Your frilled lizard zombie barely misses the orc.
The orc closely misses you.
You barely miss the orc. The orc closely misses you.
The orc hits you with a +0 flail.
Your magical contamination has completely faded away.
You closely miss the orc.
Your frilled lizard zombie bites the orc.
The orc hits you with a +0 whip.
* * * LOW HITPOINT WARNING * * *
The orc hits you with a +0 flail!
You die...
Your body rises from the dead as a mindless zombie.

#..#
##.#
#.#
#.#
##
#.#
..
#.#
#.
#Z#
#o#o#
#oo@#
#.###
#.#
..#
###


You could see 4 orcs and a friendly frilled lizard zombie.

Vanquished Creatures
  3 adders
  A worm (D:3)
  A dart slug (D:1)
  2 bats
  6 endoplasms
  2 giant cockroaches
  5 hobgoblins
  2 quokkas (D:1)
  2 ball pythons (D:1)
  3 frilled lizards
  2 goblins (D:1)
  4 kobolds
  6 rats
39 creatures vanquished.

Vanquished Creatures (collateral kills)
  A dart slug (D:3)
  A ball python (D:3)
  A rat (D:3)
3 creatures vanquished.

Vanquished Creatures (others)
  A rat zombie (D:3)
  231 foxfires
232 creatures vanquished.

Grand Total: 274 creatures vanquished

Notes
Turn   | Place    | Note
-------+----------+-------------------------------------------
     0 | D:1      | Hubjo the Deep Elf Fire Elementalist began the quest for
                  | the Orb.
     0 | D:1      | Reached XP level 1. HP: 10/10 MP: 6/6
   527 | D:1      | Reached XP level 2. HP: 16/16 MP: 4/8
   940 | D:1      | Reached skill level 1 in Fighting
  1680 | D:2      | Reached XP level 3. HP: 20/20 MP: 6/9
  1832 | D:2      | Found an ancient bone altar of Kikubaaqudgha.
  2107 | D:2      | Found a faded altar of an unknown god.
  2532 | D:2      | Prayed at the altar of an unknown god.
  2532 | D:2      | Became a worshipper of Yredelemnul the Dark
  2532 | D:2      | Reached * piety under Yredelemnul
  2839 | D:3      | HP: 1/21 [poisoned by an adder]
  2843 | D:3      | Reached XP level 4. HP: 11/26 MP: 7/11
  3286 | D:3      | Learned a level 4 spell: Flame Wave
  3512 | D:3      | Slain by an orc

Illustrated notes

Levels and vault maps discovered:
D:1:      dpeg_arrival_snail, layout_basic, minmay_pentomino_t4
D:2:      layout_basic, hellmonk_ecumenical_altar_heavens_door, basic_altar
D:3:      minmay_diamond_boxcup, layout_loops_corners,
          mainiacjoe_overflow_two_lobes

Skill      XL: |  1  2 |
---------------+-------+-----
Fighting       | 1 |  1.8
Stealth        | 3 |  3.3
Dodging        | |  2.4
Spellcasting   | |  3.8
Conjurations   | |  1.1
Fire Magic     | |  3.8

Action                   |  1- 3 |  4- 6 || total
-------------------------+-------+-------++-------
Melee: Unarmed           |     5 |     6 ||    11
 Cast: Foxfire           |   141 |     2 ||   143
  Use: Potion            |     1 |       ||     1
Armor: Robe              |     3 |       ||     3
Dodge: Dodged            |    18 |     7 ||    25

Table legend: (Time is in decaauts)
 A = Elapsed time spent in this place.
 B = Non-inter-level travel time spent in this place.
 C = Inter-level travel time spent in this place.
 D = Time resting spent in this place.
 E = Time spent auto-exploring this place.
 F = Levels seen in this place.
 G = Mean time per level.
                   A        B        C        D        E       F      G
               +--------+--------+--------+--------+--------+-----+--------+
         Total |   3511 |   3345 |    166 |      0 |   2989 |   3 | 1170.3 |
       Dungeon |   3511 |   3345 |    166 |      0 |   2989 |   3 | 1170.3 |
               +--------+--------+--------+--------+--------+-----+--------+

Top non-repeatable levels by time:
     D:1: 1472 daAuts
     D:2: 1144 daAuts
     D:3: 893 daAuts
